 Dungeon Crawl Stone Soup version 0.23-a0-326-gb49dddc804 (webtiles) character file.

6605 MirrMurr the Spear-Bearer (level 11, -1/112 HPs)
             Began as an Octopode Berserker on Oct 16, 2018.
             Was an Elder of Trog.
             Slain by a killer bee (3 damage)
             ... on level 9 of the Dungeon.
             The game lasted 00:21:06 (10216 turns).

MirrMurr the Spear-Bearer (Octopode Berserker)     Turns: 10216, Time: 00:21:06

Health: -1/112     AC:  1    Str: 25    XL:     11   Next: 2%
Magic:  11/11      EV: 17    Int: 11    God:    Trog [****..]
Gold:   387        SH:  0    Dex: 14    Spells: 10/10 levels left

rFire    . . .     SeeInvis +   a - +0 trident
rCold    . . .     Gourm    .   (no shield)
rNeg     . . .     Faith    .   (helmet restricted)
rPois    .         Spirit   .   k - amulet of the acrobat
rElec    .         Reflect  .   l - +4 ring of strength
rCorr    +         Harm     .   p - ring of resist corrosion
MR       .....                  s - ring of see invisible
Stlth    ..........             (no ring)
HPRegen  0.28/turn              (no ring)
MPRegen  0.12/turn              (no ring)
                                (no ring)
                                (no ring)

@: berserking, lethally poisoned (-1 -> -17), very quick
A: almost no armour, stealthy swim, amphibious, 8 rings, constrict 8, camouflage
1, gelatinous body 1
a: Berserk, Trog's Hand, Brothers in Arms, Renounce Religion


You were on level 9 of the Dungeon.
You worshipped Trog.
Trog was greatly pleased with you.
You were near starving.

You visited 2 branches of the dungeon, and saw 10 of its levels.

You collected 387 gold pieces.

Inventory:

Hand Weapons
 a - a +0 trident (weapon)
 b - a +0 hunting sling
 q - a +0 blowgun
Missiles
 d - 87 stones (quivered)
 m - 15 poisoned needles
 o - 87 sling bullets
Jewellery
 k - an amulet of the acrobat (around mantle)
 l - a +4 ring of strength (left tentacle)
 p - a ring of resist corrosion (right tentacle)
 s - a ring of see invisible (on tentacle)
Wands
 i - a wand of random effects (28)
Scrolls
 f - a scroll of immolation
 j - 6 scrolls of teleportation
 r - 3 scrolls of remove curse
 v - a scroll of fear
Potions
 e - 10 potions of heal wounds
 g - 3 potions of haste
 h - a potion of berserk rage
 n - 3 potions of curing
 t - a potion of mutation
Comestibles
 c - 15 rations


   Skills:
 + Level 7.5 Fighting
 * Level 10.1 Polearms
 + Level 6.1 Slings
 + Level 7.4 Dodging
 + Level 9.5 Stealth


You had 10 spell levels left.
You didn't know any spells.
Your spell library was empty.

Dungeon Overview and Level Annotations

Branches:
Dungeon (9/15)             Temple (1/1) D:4
   Lair: D:8-11         Orc: D:9-12

Altars:
Cheibriados
Dithmenos
Fedhas
Gozag
Kikubaaqudgha
Makhleb
Ru
Vehumet
Wu Jian
The Shining One

Shops:
D:4 *%}   D:5 [   D:9 (

Annotations:
D:5 1 runed door, P0WERM0DE's ghost, novice DDFi


Innate Abilities, Weirdness & Mutations

You cannot wear most types of armour.
You are very stealthy in the water. (Stealth+)
You are amphibious.
You can wear up to eight rings at the same time.
You can use your tentacles to constrict eight enemies at once.
Your skin changes colour to match your surroundings (Stealth+).
Your rubbery body absorbs attacks. (AC +1, EV +1)


Message History

You puncture the killer bee! Your grab misses the killer bee.
The killer bee is severely wounded.
You feel sick. The killer bee barely misses you. x2
The killer bee stings you!
* * * LOW HITPOINT WARNING * * *
The killer bee completely misses you.
You closely miss the killer bee. Your grab misses the killer bee.
Your squeeze misses the killer bee.
The killer bee is severely wounded.
The killer bee barely misses you. The killer bee stings you.
* * * LOW HITPOINT WARNING * * *
You closely miss the killer bee. Your grab misses the killer bee.
Your squeeze misses the killer bee.
The killer bee is severely wounded.
* * * LOW HITPOINT WARNING * * *
You feel sick. The killer bee stings you.
* * * LOW HITPOINT WARNING * * *
You are more poisoned.
The killer bee poisons you! The killer bee stings you.
You die...

#. #..##..# #...
#..##..# .# #...
#......# #.# #.∩.
#......# #.# #...
#......# #.#
#...##..##..# #.##..
#.8.....##..####.##..
#.......##.......##..
#?..@†..##.......##.)
#...yy..##..####.##..
#...(...##..# #.##..
.........##..# #.##..
###.......##..#
#..... #...(..$##..#
#..... #.......##..#
#.##.. #...(((.##..#
#:##.. #..# #.##..


You could see 2 killer bees.

Vanquished Creatures
  A cyclops (D:6)
  Psyche (D:8)
  A centaur skeleton (D:9)
  Joseph (D:8)
  A troll (D:6)
  Grinder (D:5)
  Prince Ribbit (D:5)
  A wyvern (D:8)
  Menkaure (D:4)
  Duvessa (D:5)
  An orc warrior (D:8)
  A water moccasin (D:9)
  2 ice beasts
  3 sky beasts
  An eye of draining (D:8)
  5 ogres
  3 centaurs
  Blork the orc (D:6)
  2 big kobolds
  3 bullfrogs
  Dowan (D:5)
  2 scorpions
  12 killer bees
  4 howler monkeys
  5 wights (D:7)
  6 crimson imps
  4 hounds
  8 orc priests
  11 orc wizards
  5 bullfrog skeletons
  6 iguanas
  3 worker ants
  A killer bee zombie (D:5)
  A worker ant zombie (D:8)
  Robin (D:4)
  9 adders
  A shadow imp (D:9)
  An adder skeleton (D:6)
  A dart slug (D:5)
  4 leopard geckos
  26 orcs
  5 giant cockroaches
  18 goblins
  14 hobgoblins
  5 jackals
  3 quokkas
  2 ball pythons
  7 bats
  12 frilled lizards
  A giant cockroach zombie (D:5)
  A jackal skeleton (D:7)
  16 kobolds
  6 rats
234 creatures vanquished.

Notes
Turn   | Place    | Note
-------+----------+-------------------------------------------
     0 | D:1      | MirrMurr the Octopode Berserker began the quest for the
                  | Orb.
     0 | D:1      | Reached XP level 1. HP: 16/16 MP: 1/1
   271 | D:1      | Reached XP level 2. HP: 21/21 MP: 2/2
   287 | D:1      | Reached skill level 1 in Stealth
   505 | D:1      | Reached XP level 3. HP: 24/26 MP: 3/3
   533 | D:1      | Reached ** piety under Trog
   770 | D:2      | Found an ornate altar of the Wu Jian Council.
   845 | D:2      | Found an opulent altar of Gozag.
   931 | D:2      | Found a faded altar of an unknown god.
  1307 | D:2      | Found a glowing golden altar of the Shining One.
  1884 | D:3      | Reached XP level 4. HP: 20/31 MP: 4/4
  2423 | D:3      | Reached skill level 4 in Polearms
  2466 | D:3      | Noticed an ogre
  2473 | D:3      | Killed an ogre
  2473 | D:3      | Reached XP level 5. HP: 37/37 MP: 5/5
  2868 | D:4      | Reached XP level 6. HP: 38/43 MP: 6/6
  2920 | D:4      | Reached *** piety under Trog
  2933 | D:4      | Reached skill level 5 in Polearms
  2935 | D:4      | Found a shadowy altar of Dithmenos.
  2943 | D:4      | Noticed Menkaure
  2972 | D:4      | Killed Menkaure
  2972 | D:4      | Reached skill level 1 in Slings
  2972 | D:4      | Reached XP level 7. HP: 34/49 MP: 7/7
  3137 | D:4      | Noticed Robin
  3176 | D:4      | Killed Robin
  3222 | D:4      | Found Cesom's Food Boutique.
  3222 | D:4      | Found Roleroef's Gadget Shoppe.
  3342 | D:4      | Found a sacrificial altar of Ru.
  3379 | D:4      | Found Faopn's General Store.
  3501 | D:4      | Found a staircase to the Ecumenical Temple.
  3555 | Temple   | Entered the Ecumenical Temple
  3789 | D:4      | Found an ancient bone altar of Kikubaaqudgha.
  3827 | D:4      | Found a burning altar of Makhleb.
  3946 | D:5      | Entered Level 5 of the Dungeon
  4129 | D:5      | Noticed Prince Ribbit
  4352 | D:5      | Reached skill level 6 in Polearms
  4509 | D:5      | Killed Prince Ribbit
  4509 | D:5      | Reached skill level 5 in Stealth
  4509 | D:5      | Reached XP level 8. HP: 27/54 MP: 8/8
  4713 | D:5      | Reached skill level 5 in Fighting
  4737 | D:5      | Reached skill level 5 in Dodging
  5239 | D:5      | Noticed Grinder
  5253 | D:5      | Killed Grinder
  5253 | D:5      | Reached skill level 7 in Polearms
  5282 | D:5      | Noticed Duvessa
  5292 | D:5      | Noticed Dowan
  5319 | D:5      | Killed Duvessa
  5336 | D:5      | Killed Dowan
  5457 | D:5      | Found Senischo's Armour Shop.
  5516 | D:5      | Reached XP level 9. HP: 44/61 MP: 9/9
  5595 | D:5      | Found a runed door.
  5741 | D:5      | Noticed P0WERM0DE's ghost (novice DDFi)
  5898 | D:6      | Reached **** piety under Trog
  6248 | D:6      | Noticed Blork the orc
  6258 | D:6      | Killed Blork the orc
  6474 | D:6      | Reached skill level 8 in Polearms
  6695 | D:7      | Noticed a cyclops
  6709 | D:6      | Killed a cyclops
  6751 | D:6      | Noticed a troll
  6776 | D:6      | HP: 3/93 [troll (2)]
  6783 | D:6      | Killed a troll
  7174 | D:7      | Reached XP level 10. HP: 43/69 MP: 10/10
  7185 | D:7      | Received a gift from Trog
  7192 | D:7      | Reached skill level 5 in Slings
  7373 | D:7      | Reached skill level 9 in Polearms
  8404 | D:7      | Found a snail-covered altar of Cheibriados.
  9462 | D:8      | Noticed Joseph
  9483 | D:8      | Killed Joseph
  9714 | D:8      | Noticed Psyche
  9722 | D:8      | Killed Psyche
  9899 | D:8      | Reached skill level 10 in Polearms
 10030 | D:8      | Found a blossoming altar of Fedhas.
 10156 | D:9      | Found a radiant altar of Vehumet.
 10171 | D:9      | Reached XP level 11. HP: 62/75 MP: 11/11
 10199 | D:9      | Found Kidd's Antique Weapon Shop.
 10215 | D:9      | HP: 5/112 [killer bee (2)]
 10216 | D:9      | HP: 2/112 [killer bee (2)]
 10216 | D:9      | Slain by a killer bee

Vault maps used:
D:1:      nzn_arrival_water_spiral
D:2:      nicolae_tso_swordbearing_angel, old_standard_altar,
          lemuel_round_altar, chequers_ecumenical_altar_simple_redux
D:3:      first_ration, minmay_lizard_king
D:4:      marbit_many_paths, nicolae_dithmenos_shadow_blocks,
          old_standard_altar, kennysheep_little_box,
          minmay_temple_entry_large_hall, serial_shops, shop, shop,
          nicolae_shop_behind_doors, minivault_24, uniq_robin, uniq_menkaure
D:5:      serial_shops, shop, ebering_ghost_reflecting_pool,
          kennysheep_generic_room_6, uniq_prince_ribbit1, uniq_duvessa,
          uniq_grinder
D:6:      uniq_blork_the_orc
D:7:      basic_altar, serial_glass, glass_columns_b, glass_columns_a,
          glass_columns_a, glass_columns_a, glass_columns_b, glass_columns_b,
          glass_columns_c, glass_columns_b
D:8:      lemuel_coloured_pillars_altar, uniq_joseph, uniq_psyche
D:9:      chequers_temple_overflow_statue_of_worship, slow_altar_1,
          serial_shops, shop_statue
Temple:   jpeg_temple_island

Skill      XL: |  1  2  3  4  5  6  7  8  9 10 |
---------------+-------------------------------+-----
Stealth        | 1 3 4 5 6 7 9 |  9.5
Polearms       | 4 5 6 7 8 10 | 10.1
Fighting       | 4 5 6 7 |  7.5
Dodging        | 4 5 6 7 |  7.4
Slings         | 1 2 3 4 6 |  6.1

Action                   |  1- 3 |  4- 6 |  7- 9 | 10-12 || total
-------------------------+-------+-------+-------+-------++-------
Melee: Spear             |   119 |    74 |   252 |   186 ||   631
       Constrict         |    25 |    17 |    47 |    38 ||   127
       Tentacles         |    14 |    16 |    70 |    58 ||   158
       Trident           |       |       |       |    42 ||    42
 Fire: Hunting sling     |       |    23 |   151 |   110 ||   284
Invok: Berserk           |       |     2 |     6 |     4 ||    12
       Trog's Hand       |       |     1 |     6 |     7 ||    14
  Use: Scroll            |     7 |     4 |     4 |     1 ||    16
 Stab: Sleeping          |    13 |     1 |       |     2 ||    16
       Distracted        |       |     1 |       |       ||     1
  Eat: Chunk             |     3 |     4 |    13 |    11 ||    31
       Ration            |       |       |     3 |     1 ||     4
Armor: Skin              |     4 |     2 |     2 |     5 ||    13
Dodge: Dodged            |    43 |    38 |   153 |   183 ||   417

Table legend:
 A = Non-vault XP
 B = Vault XP
 C = Vault XP percentage of total XP
 D = Non-vault monster count
 E = Vault monster count
 F = Vault count percentage of total count
                 A         B        C        D         E       F
            +---------+---------+-------+---------+---------+-------
      Total |    7372 |    2064 |  21.9 |     204 |      30 |  12.8
            +---------+---------+-------+---------+---------+-------
        D:1 |      46 |       0 |   0.0 |      28 |       0 |   0.0
        D:2 |      28 |       0 |   0.0 |      17 |       0 |   0.0
        D:3 |     212 |       8 |   3.6 |      20 |       6 |  23.1
        D:4 |     427 |     211 |  33.1 |      17 |      14 |  45.2
        D:5 |     788 |     873 |  52.6 |      24 |       7 |  22.6
        D:6 |    1711 |      91 |   5.0 |      22 |       1 |   4.3
        D:7 |    1579 |       0 |   0.0 |      34 |       0 |   0.0
        D:8 |    1945 |     881 |  31.2 |      38 |       2 |   5.0
        D:9 |     636 |       0 |   0.0 |       4 |       0 |   0.0
            +---------+---------+-------+---------+---------+-------
